 Dungeon Crawl Stone Soup version 0.31-a0-564-g3b7de120b3 (webtiles) character file.

Game seed: 9874845372667302944

1 Zenkrye the Changeling (level 1, -11/15 HPs)
             Began as a Demigod Shapeshifter on Aug 17, 2023.
             Mangled by a goblin
             ... wielding a +0 dagger of electrocution
              (19 damage)
             ... on level 1 of the Dungeon.
             The game lasted 00:00:18 (60 turns).

Zenkrye the Changeling (Demigod Shapeshifter)         Turns: 60, Time: 00:00:19

Health: -11/15     AC:  2    Str: 16    XL:     1   Next: 13%
Magic:  3/3        EV: 12    Int: 10    God:
Gold:   12         SH:  0    Dex: 14    Spells: 0/0 levels left

rFire   . .          .
                       - Unarmed
rCold   . . .        (no shield)
rNeg    . . .        a - +0 animal skin
rPois   .            (helmet currently unavailable)
rElec   .            (cloak currently unavailable)
rCorr   .            (gloves currently unavailable)
SInv    .            (boots currently unavailable)
Will    .....        (no amulet)
Stlth   +            (no ring)
HPRegen 0.22/turn    (no ring)
MPRegen 0.08/turn

%: no passive effects
@: beast-form
A: beast (slay +1), high MP 1, forlorn, divine attributes
a: Begin Untransformation


You were on level 1 of the Dungeon.
You were a hulking beast.
You visited 1 branch of the dungeon, and saw 1 of its levels.

You collected 12 gold pieces.

Inventory:

Armour
 a - a +0 animal skin (worn)
Talismans
 c - a beast talisman (active)
 d - a flux talisman
Scrolls
 e - a scroll of immolation {unknown}
Potions
 b - a potion of lignification


   Skills:
 - Level 0.8 Fighting
 - Level 1.7 Dodging
 * Level 2.7 Unarmed Combat
 + Level 2.7 Shapeshifting


You couldn't memorise any spells.
You didn't know any spells.
Your spell library was empty.

Dungeon Overview and Level Annotations

Branches:
Dungeon (1/15)


Innate Abilities, Weirdness & Mutations

You are a hulking beast.
Your limbs bulge with bestial killing power. (Slay +1)
You have an increased reservoir of magic. (+10% MP)
You shall have no god before yourself.
Your divine heritage dramatically boosts your attributes as you level up.


Message History

Welcome, Zenkrye the Demigod Shapeshifter.
Below lies the Orb of Zot, rumoured to be powerful enough to resurrect a god...
Press ? for a list of commands and other information.
Found a staircase leading out of the dungeon.
You enter the shallow water.
Moving in this stuff is going to be slow.
You enter the shallow water.
Moving in this stuff is going to be slow.
You enter the shallow water.
Moving in this stuff is going to be slow.
As you open the large door, it creaks loudly!
You hear a shout!
There is a large open door here.
A hobgoblin comes into view.
The hobgoblin shouts!
You hit the hobgoblin.
You kill the hobgoblin!
No target in view!
No target in view!
You open the door.
There is an open door here.
e - a scroll labelled CISENUTSEE You now have 12 gold pieces.
You open the door.
A goblin comes into view.
It is wielding a +0 dagger of electrocution.
There is an open door here.
The goblin hits you with a +0 dagger of electrocution.
You miss the goblin.
The goblin hits you with a +0 dagger of electrocution.
You hit the goblin.
The goblin is severely wounded.
The goblin hits you with a +0 dagger of electrocution.
You are electrocuted!!
Ouch! That really hurt!
You die...

##8.8## ##.....##
####
##8.....8##...#
##.........##..#
#8.........8#..#
+...........'..##
#8.........8#...+
##.........##..##
##8.....8##.h.#
##.....##..g##
##8.8##....#
##+##......
.....#..
......#...
##########


You could see a goblin.

Vanquished Creatures
  A hobgoblin (D:1)
1 creature vanquished.

Notes
Turn   | Place    | Note
-------+----------+-------------------------------------------
     0 | D:1      | Zenkrye the Demigod Shapeshifter began the quest for the
                  | Orb.
     0 | D:1      | Reached XP level 1. HP: 15/15 MP: 3/3
    60 | D:1      | Mangled by a goblin

Illustrated notes

Levels and vault maps discovered:
D:1:      lightli_arrival_windingriver, layout_basic, minivault_24,
          dk_noncrumbling_4, nicolae_eternal_life

Action                     || total
---------------------------++-------
  Melee: Unarmed           ||     3

Table legend: (Time is in decaauts)
 A = Elapsed time spent in this place.
 B = Non-inter-level travel time spent in this place.
 C = Inter-level travel time spent in this place.
 D = Time resting spent in this place.
 E = Time spent auto-exploring this place.
 F = Levels seen in this place.
 G = Mean time per level.
                   A        B        C        D        E       F      G
               +--------+--------+--------+--------+--------+-----+--------+
         Total |     61 |     61 |      0 |      0 |     51 |   1 |   61.0 |
       Dungeon |     61 |     61 |      0 |      0 |     51 |   1 |   61.0 |
               +--------+--------+--------+--------+--------+-----+--------+

Top non-repeatable levels by time:
     D:1: 61 daAuts
